[Event "Croatian Team Cup Final 2022"]
[Site "Vodice"]
[Date "2022.05.18"]
[Round "1.1"]
[White "Pavic, Filip"]
[Black "Saric, Ivan"]
[Result "0-1"]
[ECO "B52"]
[WhiteElo "2270"]
[BlackElo "2693"]
[Annotator "TA"]
[PlyCount "110"]
[EventDate "2022.05.18"]
[EventType "team-tourn"]
[EventCountry "CRO"]
[SourceTitle "playchess.com"]
[Source "ChessBase"]
[SourceQuality "1"]
[TimeControl "40/5400+30:1800+30"]

1. e4 c5 2. Nf3 d6 3. Bb5+ Bd7 4. Bxd7+ Nxd7 5. O-O Ngf6 6. Qe2 e6 7. c3 Be7 8. d4 O-O 9. Rd1 cxd4 {[%emt 0:02:22] B52: Sicilian: Moscow Variation with 3...Bd7.} 10. cxd4 Rc8 11. Nc3 Nb6 {[%emt 0:00:04] The position is equal.} 12. Rd3 {[%emt 0:12:43] [#]} Qd7 $146 ({Predecessor:} 12... Qc7 13. h4 Qc6 14. a4 Rfd8 15. d5 exd5 16. exd5 Qd7 17. Be3 Re8 18. Bxb6 axb6 19. Re3 Ng4 20. Re4 Bf6 21. Re1 Rxe4 22. Nxe4 h6 23. b3 Bc3 24. Rc1 {½-½ (24) Supi,L (2572)-Quintiliano Pinto,R (2469) Cuiaba 2021}) 13. Bf4 Na4 14. Nxa4 Qxa4 15. Ra3 Qc2 16. Qxc2 Rxc2 17. Rxa7 Rxb2 18. Nd2 Rc8 19. Nc4 $2 {[%emt 0:02:20] Prevents e5. This costs White the game.} Rxc4 $19 20. Ra8+ Bf8 21. Bxd6 Nd7 22. Rd8 {[%emt 0:00:05] [#]} Rd2 $1 23. e5 {[%emt 0:04:15] [#]} Rcxd4 $1 24. g3 {[%emt 0:02:08] [#]} (24. f4 Rxd6) 24... f6 $1 25. f4 Rxd6 26. exd6 Rxd6 27. Rc1 Kf7 $1 28. Rc7 Ke7 29. Rb8 {[%emt 0:02:10] [#]} b6 30. Kg2 e5 31. f5 Rd2+ 32. Kf3 Rxa2 33. Rxb6 Kd8 34. Rbb7 Ra3+ 35. Ke2 Nc5 36. Ra7 Rxa7 37. Rxa7 Ne4 38. g4 (38. Ra8+ $142 Ke7 39. Kd3) 38... Ke8 39. Ra8+ Kf7 {[%emt 0:00:05] And now ...g6 would win.} 40. Ke3 $2 {[%emt 0:00:00] [#]} (40. Ra7+ Be7 41. Ra8) 40... Nd6 $1 41. Ra7+ Be7 42. h4 (42. Ra8 $142 g6 43. fxg6+ hxg6 44. g5) 42... h5 43. Kf3 e4+ 44. Kf4 hxg4 45. Ra2 Nb5 46. Rb2 Bd6+ 47. Kxe4 Nc3+ 48. Kd3 Be5 {[%emt 0:00:16] aiming for ...g3.} 49. Rb7+ Kg8 {[%emt 0:00:05] ( -> ...Kh7)} 50. Ke3 Nd5+ 51. Ke4 Nf4 52. Rb3 Ne2 53. Rd3 Ng3+ 54. Kd5 Nxf5 55. h5 g3 {[%emt 0:00:04] Weighted Error Value: White=0.66/Black=0.03 (flawless)} 0-1

[Event "Croatian Team Cup Final 2022"]
[Site "Vodice"]
[Date "2022.05.18"]
[Round "1.2"]
[White "Markus, Robert"]
[Black "Pavic, Jakov"]
[Result "1-0"]
[ECO "E07"]
[WhiteElo "2613"]
[BlackElo "2176"]
[Annotator "TA"]
[PlyCount "71"]
[EventDate "2022.05.18"]
[EventType "team-tourn"]
[EventCountry "CRO"]
[SourceTitle "playchess.com"]
[Source "ChessBase"]
[SourceQuality "1"]
[TimeControl "40/5400+30:1800+30"]

1. d4 d5 2. c4 e6 3. Nf3 Nf6 4. g3 c6 5. Bg2 Nbd7 6. O-O Be7 7. b3 O-O 8. Nc3 b6 9. Bb2 Ba6 10. Nd2 Rc8 {[%emt 0:01:37] 10...b5 is more advanced technology.} 11. e4 dxe4 12. Ncxe4 {[%emt 0:10:11] E07: Closed Catalan: Main Line (5 Nf3 0-0 6 0-0 Nbd7).} c5 13. dxc5 {[%emt 0:05:42] [#]} Nxe4 $146 (13... bxc5 $142 14. f4 Qb6) ({Predecessor:} 13... Nxc5 14. Nxc5 Bxc5 15. Bxf6 Qxf6 16. Ne4 Qe7 17. Nxc5 bxc5 18. Qf3 Rfd8 19. Rfd1 g6 {½-½ (88) Gurevich,D (2401)-Terzi,A (2285) Chess.com INT 2019}) 14. Nxe4 $16 {[%emt 0:00:40] White is clearly better.} ({Much weaker is} 14. Bxe4 Nxc5 15. Qe2 (15. Qg4 Bf6 $11) 15... Bf6 16. Bxf6 Qxf6 $11) 14... bxc5 {[%emt 0:05:14] [#]} 15. Qg4 $1 {[%emt 0:03:18][%csl Gb2][%cal Rg4g7] White is much more active.} g6 (15... Bf6 $16 16. Nxf6+ Nxf6) 16. Rad1 {[%emt 0:06:48] aiming for Qf4.} f5 $2 (16... Bb7 $16 {is a better chance.}) 17. Qe2 $18 ({Less strong is} 17. Qh3 Qc7 18. Rfe1 (18. Qh6 Rf7 $16) 18... Rce8 $16) 17... fxe4 18. Qxe4 Qb6 (18... Rf7 $142 19. Qxe6 Qb6 20. Qxd7 Rd8) 19. Rxd7 Rce8 20. Bh3 Bf6 21. Bxf6 Rxf6 22. Qh4 Rf7 23. Rxf7 Kxf7 24. Qxh7+ Kf6 25. Rd1 Bc8 {[%emt 0:07:51] Prevents Rd7.} 26. Bg2 {[%emt 0:02:58] [#] Be4 is the strong threat.} Rd8 27. Qh4+ g5 28. Qh6+ Kf7 29. Rf1 {[%emt 0:01:35] And now f4 would win.} Rg8 30. f4 {[%emt 0:00:28] White threatens Qh7+ and mate.} g4 31. f5 Ke8 32. f6 Rf8 33. Qg6+ Rf7 34. Qg8+ Rf8 35. f7+ Ke7 36. Qg5+ {[%emt 0:00:04] Black got outplayed after the opening.  Weighted Error Value: White=0.35/Black=0.71} 1-0

[Event "Croatian Team Cup Final 2022"]
[Site "Vodice"]
[Date "2022.05.18"]
[Round "1.3"]
[White "Dejanovic, Mladen"]
[Black "Jovanic, Ognjen"]
[Result "0-1"]
[ECO "B22"]
[WhiteElo "2050"]
[BlackElo "2509"]
[Annotator "TA"]
[PlyCount "134"]
[EventDate "2022.05.18"]
[EventType "team-tourn"]
[EventCountry "CRO"]
[SourceTitle "playchess.com"]
[Source "ChessBase"]
[SourceQuality "1"]
[TimeControl "40/5400+30:1800+30"]

1. e4 c5 2. c3 Nf6 3. e5 Nd5 4. d4 cxd4 5. Nf3 d6 6. cxd4 Nc6 7. Bc4 Nb6 8. Bb5 Bd7 9. Qe2 {[%emt 0:01:34] B22: Sicilian: 2 c3.} dxe5 10. dxe5 g6 11. O-O {[%emt 0:06:27] The position is equal.} Bg7 12. Nc3 O-O 13. Bf4 a6 14. Bd3 (14. Bxc6 $5 Bxc6 15. Rfd1 $11) 14... Bg4 {[%emt 0:02:00][%cal Og7e5] [#]} 15. Rad1 $146 ({Predecessor:} 15. Be4 Nd4 16. Qd1 Ne6 17. Be3 Nc4 18. Bxb7 Rb8 19. Bxa6 Nxe3 20. Qxd8 Rfxd8 21. fxe3 Rxb2 {½-½ (57) Mitusov,S (2332)-Kaasen,T (2461) Kvisla 2022}) 15... Qc7 16. Rfe1 Rad8 17. h3 Bxf3 18. gxf3 (18. Qxf3 $11 Bxe5 19. Bxe5 Nxe5 20. Qf4) 18... Nd5 (18... Qc8 {is interesting.} 19. Bg3 Qxh3 20. f4 Rd7) 19. Nxd5 Rxd5 20. Rc1 Ra5 21. a3 (21. b4 $15 Ra4 22. Be4) 21... Qd7 $17 {[%emt 0:01:47] ...Nxe5 is the strong threat.} 22. e6 Qxe6 23. Be4 $2 (23. Qxe6 $17 fxe6 24. Bc7 Rg5+ 25. Kf1) 23... Nd4 24. Qf1 Qf6 25. Bg3 Rb5 26. b4 Nxf3+ 27. Bxf3 Qxf3 28. Re3 Qf6 29. Rc7 e6 30. Qg2 b6 31. Rb7 Qa1+ 32. Kh2 Be5 33. Bxe5 Rxe5 34. Qg3 (34. Qg1 $142 Qb2 35. Rxe5 Qxe5+ 36. Qg3) 34... Rb5 35. Qc7 $2 (35. Rc7) 35... Qf6 36. Kg2 Rf5 37. Qc2 Qd4 38. Rc7 Rd8 39. Rc8 Qd5+ 40. Kg1 Rg5+ 41. Rg3 Rxg3+ 42. fxg3 a5 43. bxa5 (43. Rxd8+ $142 Qxd8 44. Qc3) 43... bxa5 $19 44. Rxd8+ Qxd8 {[%emt 0:00:02][%mdl 4096] Endgame KQ-KQ} 45. a4 Qd4+ 46. Kg2 e5 47. h4 (47. Kf3 $142) 47... h5 48. Qc6 e4 49. Qa8+ Kh7 $1 50. Qxa5 Qb2+ 51. Kf1 Qb1+ $2 (51... Qc1+ $19 52. Qe1 Qc4+ 53. Kf2 Qxa4) 52. Qe1 $17 Qd3+ 53. Qe2 {[%emt 0:00:06] And now Qxd3 would win.} Qd5 {[%emt 0:02:31] Black is more active.} 54. a5 $2 (54. Kg1 $17) 54... Qxa5 $19 55. Qxe4 Qf5+ $1 56. Qxf5 gxf5 {[%emt 0:00:01] K3P-KPP} 57. Kf2 $2 {[%emt 0:00:11][%mdl 8192] [#]} (57. Kg2 $11 f4 58. gxf4 Kg6 59. Kg3 Kf5 60. Kf3 f6 61. Kg3 Ke4 62. f5 Kxf5 63. Kf3 Ke5 64. Kg3 f5 65. Kf3 f4 66. Kf2 Ke4 67. Ke2 f3+ 68. Kf1 Kf4 69. Kf2 Kg4 70. Kf1 Kxh4 71. Kf2 Kg4 72. Kf1 h4 73. Kf2 h3 74. Kg1 Kf4 75. Kf1 Ke3 76. Kg1 f2+ 77. Kf1 h2 78. Kg2 h1=Q+ 79. Kxh1 Kf3 80. Kh2 f1=R 81. Kh3 Rh1#) 57... f4 $1 {[%emt 0:00:10] Black mates.} 58. gxf4 {[%emt 0:00:13] KPP-KPP} Kg6 59. Kg3 Kf6 60. Kf2 Ke6 61. Ke2 Kd5 62. Kd3 {[%emt 0:00:08] [#]} f5 $1 63. Ke3 Kc4 64. Ke2 Kd4 65. Kd2 Ke4 66. Ke2 Kxf4 67. Kf2 Kg4 {[%emt 0:00:01] Weighted Error Value: White=0.77/Black=0.25 (precise)} 0-1

[Event "Croatian Team Cup Final 2022"]
[Site "Vodice"]
[Date "2022.05.18"]
[Round "1.4"]
[White "Srbis, Jurica"]
[Black "Kos, Bruno"]
[Result "1-0"]
[ECO "B01"]
[WhiteElo "2451"]
[BlackElo "1998"]
[Annotator "TA"]
[PlyCount "47"]
[EventDate "2022.05.18"]
[EventType "team-tourn"]
[EventCountry "CRO"]
[SourceTitle "playchess.com"]
[Source "ChessBase"]
[SourceQuality "1"]
[TimeControl "40/5400+30:1800+30"]

1. e4 d5 2. exd5 Qxd5 3. Nc3 Qd6 4. d4 Nf6 5. Nf3 c6 6. g3 {[%emt 0:03:42][%cal Bg2g3,Bg3g4][%mdl 32] B01: Scandinavian Defence.} Bf5 7. Bg2 Nbd7 8. O-O {[%emt 0:01:20] White is slightly better.} e6 9. a3 (9. Nh4 $16 Bg4 10. f3) 9... Nb6 {[%emt 0:09:34] [#]} (9... Qc7 $11) 10. Ne5 $146 ({Predecessor:} 10. Bf4 Qd8 11. Nh4 Bg4 12. Qd3 h6 13. Bd2 g5 14. Nf3 Bf5 15. Qe2 Bxc2 16. Bxg5 Bb3 17. Bxf6 Qxf6 18. Ne4 Qe7 19. Qd2 O-O-O 20. Qa5 Kb8 21. Qe5+ {1-0 (21) Young,D (1768)-Van der Veen,A England 2014}) 10... Be7 11. g4 Bg6 12. h4 Nfd5 {[%emt 0:14:50] Prevents Bf4.} 13. Nxd5 cxd5 ({Black should play} 13... exd5 $14 14. Bf4 Bxh4) 14. Bf4 $36 {[%emt 0:07:34][%mdl 2048] White has strong initiative.} Qd8 15. h5 {[%emt 0:02:15] White is more active.} Be4 (15... f6 $16 {is a better defense.}) 16. f3 $18 f6 17. fxe4 fxe5 18. Bxe5 Rg8 $2 (18... Bf6 19. Bxf6 gxf6) 19. exd5 {[%emt 0:05:06] White is clearly winning.} exd5 20. Qf3 {[%emt 0:06:58] [#] Qf7+ is the strong threat.} Rf8 {[%emt 0:05:46] Against Qf7+} 21. Qe2 Rg8 (21... Qd7 $142 22. Bxg7 Rg8) 22. Rae1 Qd7 23. Bg3 {[%emt 0:03:28] aiming for g5. This bishop pair is nice.} Nc8 24. Rf5 {[%emt 0:00:27] Weighted Error Value: White=0.20 (precise) /Black=0.45} 1-0

[Event "Croatian Team Cup Final 2022"]
[Site "Vodice"]
[Date "2022.05.18"]
[Round "1.5"]
[White "Kozul, Zdenko"]
[Black "Brigljevic, Milan"]
[Result "1-0"]
[ECO "A41"]
[WhiteElo "2621"]
[BlackElo "2211"]
[Annotator "TA"]
[PlyCount "61"]
[EventDate "2022.05.18"]
[EventType "team-tourn"]
[EventCountry "CRO"]
[SourceTitle "playchess.com"]
[Source "ChessBase"]
[SourceQuality "1"]
[TimeControl "40/5400+30:1800+30"]

1. d4 d6 2. Nf3 Bg4 3. c4 c6 4. Nc3 Nd7 5. d5 Ngf6 6. Nd4 {[%emt 0:05:45] And now h3 would win. A41: 1 d4 d6: Tartakower System and Modern Defence.} c5 7. Nc2 {[%emt 0:00:47] [#] White is more active.} Bf5 $146 ({Predecessor:} 7... Nb6 8. f3 Bc8 9. e4 g6 10. Be2 Bg7 11. O-O O-O 12. a4 e5 13. a5 Nbd7 {0-1 (57) Martynov,R (2284)-Plat,V (2471) Krakow 2015}) 8. Ne3 {[%emt 0:02:02] White is better.} Bg6 9. g3 e5 10. dxe6 fxe6 11. Bh3 Bf7 12. O-O Be7 13. Ng2 (13. b3 $16) 13... Nb6 (13... d5 $11 {remains equal.}) 14. Nf4 $16 Qd7 15. b3 (15. Ncd5 {feels hotter.} Bd8 16. b3 Ne4 17. Nxb6 Bxb6 18. Bb2) 15... O-O 16. e4 Rfe8 17. Bb2 Bd8 18. Nd3 Bh5 19. f3 Bg6 20. Re1 Bc7 (20... Qc6 $16 21. e5 Bxd3) 21. e5 dxe5 22. Nxe5 ({Weaker is} 22. Nxc5 Qc6 23. N5e4 Nxc4 24. bxc4 (24. Nxf6+ gxf6 25. bxc4 Qb6+ 26. c5 Qxb2 $15) 24... Nxe4 25. Nxe4 Qb6+ 26. Kh1 Qxb2 $11) 22... Qxd1 (22... Bxe5 {was worth a try.} 23. Rxe5 Rad8 24. Qxd7 (24. Rxc5 $2 Qe7 $19) 24... Nbxd7 25. Bxe6+ (25. Rxe6 Ne5 $16) 25... Kh8) 23. Raxd1 $18 Bf5 24. g4 Bxe5 25. Rxe5 Nfd7 26. Re2 Bg6 27. Nb5 {[%cal Bc3b5,Bb5d6,Bd6b7][%mdl 32] aiming for Nc7.} Rf8 28. Bg2 Rae8 29. Nd6 {[%emt 0:04:26] White is winning.} ({Not} 29. Nxa7 Ra8 $18) 29... Re7 30. Nxb7 e5 31. Ba3 {Weighted Error Value: White=0.10 (very precise) /Black=0.22 (precise)} 1-0

[Event "Croatian Team Cup Final 2022"]
[Site "Vodice"]
[Date "2022.05.18"]
[Round "1.6"]
[White "Kostanjsek, Zorko"]
[Black "Stevic, Hrvoje"]
[Result "1/2-1/2"]
[ECO "A28"]
[WhiteElo "2115"]
[BlackElo "2558"]
[Annotator "TA"]
[PlyCount "63"]
[EventDate "2022.05.18"]
[EventType "team-tourn"]
[EventCountry "CRO"]
[SourceTitle "playchess.com"]
[Source "ChessBase"]
[SourceQuality "1"]
[TimeControl "40/5400+30:1800+30"]

1. c4 e5 2. Nc3 Nc6 3. Nf3 Nf6 4. e4 Bb4 5. d3 d6 6. a3 {[%emt 0:00:16] A28: English Opening: Four Knights Variation.} Bc5 7. b4 Bb6 8. Na4 Bg4 9. Nxb6 axb6 10. Bb2 Nd7 11. Be2 h5 12. O-O Bxf3 13. Bxf3 {[%emt 0:00:49] [#]} Qf6 $146 ({Predecessor:} 13... Qg5 14. Be2 Nf8 15. f4 exf4 16. Qd2 Ng6 17. d4 O-O 18. Bd3 Rfe8 19. Kh1 h4 {0-1 (30) Levin,G (2332)-Stevic,H (2587) Terme Catez 2022}) 14. Be2 g5 15. Qd2 Nf8 16. b5 Nd4 17. Bxd4 exd4 18. e5 ({White should try} 18. f4 $11) 18... dxe5 $15 19. Bf3 Rb8 20. Rfe1 {[%emt 0:01:40][%cal Oe1e5] [#] Threatens to win with Rxe5+!} Nd7 21. a4 Kf8 22. a5 bxa5 23. Qxa5 Qd6 24. g3 (24. Qa7 $15) 24... Nc5 $17 25. Rad1 Kg7 26. Qd2 f6 27. Qe2 Kg6 (27... Na4 $142 {White must now prevent ...Nc3.} 28. Ra1 Nc3) 28. Ra1 Rbe8 {[%emt 0:00:53] [#]} (28... Qd7 $17 29. Ra7 Qf5) 29. Bxb7 $1 $11 f5 30. Bc6 Re7 31. Bd5 Rhe8 32. Bf3 {[%emt 0:01:03] Weighted Error Value: White=0.10 (very precise) /Black=0.11 (very precise)} 1/2-1/2

[Event "Croatian Team Cup Final 2022"]
[Site "Vodice"]
[Date "2022.05.18"]
[Round "1.7"]
[White "Palac, Mladen"]
[Black "Hadzic, Sabahet"]
[Result "1-0"]
[ECO "D37"]
[WhiteElo "2505"]
[BlackElo "1985"]
[Annotator "TA"]
[PlyCount "113"]
[EventDate "2022.05.18"]
[EventType "team-tourn"]
[EventCountry "CRO"]
[SourceTitle "playchess.com"]
[Source "ChessBase"]
[SourceQuality "1"]
[TimeControl "40/5400+30:1800+30"]

1. d4 e6 2. Nf3 Nf6 3. c4 d5 4. Nc3 Be7 5. Bf4 c6 6. e3 Nbd7 7. h3 a6 {[%emt 0:06:39] D37: Queen's Gambit Declined: 5 Bf4.} 8. a3 O-O 9. c5 Re8 {[%emt 0:06:06] White is slightly better.} 10. Bd3 {[%emt 0:04:51] [#] White is more active.} Bxc5 $146 ({Predecessor:} 10... b6 11. b4 a5 12. O-O bxc5 13. bxc5 Ba6 14. Bxa6 Rxa6 15. Qc2 Nf8 16. Rab1 Ng6 {1-0 (24) Ribli,Z (2575)-Brumen,D (2373) Slovenia 2013}) 11. dxc5 e5 {[%emt 0:01:07] [#]} 12. Nxe5 Nxe5 13. Bc2 Ng6 14. Bxg6 hxg6 15. Na4 Nd7 {[%emt 0:04:00] Prevents Nb6.} 16. O-O b5 17. cxb6 $1 Nxb6 18. Rc1 Nxa4 19. Qxa4 Bd7 20. Rc5 g5 21. Bg3 Qb6 22. b4 Re4 {[%emt 0:00:46] Strongly threatening ...Qxc5.} 23. Rfc1 f5 24. Qa5 Qxa5 25. Rxa5 ({Don't play} 25. bxa5 f4 26. exf4 gxf4 $15) 25... f4 26. exf4 gxf4 27. f3 Rd4 28. Bf2 Rd3 29. Re1 Kf7 {[%emt 0:00:53] Against Re7+} 30. Bh4 Be6 31. Bg5 Rd4 32. h4 Rc4 33. Rc5 (33. Kf2 $16) 33... Rxc5 $14 34. bxc5 {[%emt 0:00:01][%mdl 4096] Endgame KRB-KRB} Rb8 $1 {[%emt 0:00:42] Prevents Rb1.} 35. Bxf4 Rb3 36. Be5 {[%emt 0:01:09][%cal Oe5g7] And now Bxg7! would win.} (36. Re3 $5 Rb5 37. Bd6 $16) 36... g6 $1 37. a4 a5 38. Kf2 Rb4 39. Ra1 Rc4 40. Bd6 Rxh4 41. g4 d4 42. Rd1 Bd5 43. Rxd4 Rh1 {[%emt 0:03:30] [#]} (43... Rh8 $142) 44. Rf4+ $1 $16 Kg7 (44... Kg8 $16 {might work better.}) 45. Be5+ $18 Kg8 46. Rf6 Rb1 $2 (46... g5 {is more resistant.} 47. Rg6+ Kf7 48. Rxg5 Rb1 49. Rf5+ Ke6) 47. Rxg6+ Kf7 48. Rf6+ Ke7 49. g5 Rb4 50. Bd6+ Kd7 51. g6 Rxa4 52. g7 {[%emt 0:10:18] Hoping for Be5.} Ra2+ 53. Kg3 Ra1 54. Kh2 {[%emt 0:07:42] Against Rg1} (54. Be5 Rc1 55. Rd6+ Ke7 56. Bf6+ (56. Rxd5 cxd5 57. Bb2 Rg1+ 58. Kf4 Kf7 $15) 56... Kf7 57. Bd4) 54... Ra2+ (54... Re1 {is a better chance.} 55. Bf8 Ke8 56. Rxc6 Kf7) 55. Kh3 Ra1 56. Bg3 {[%emt 0:00:20] Intending Rd6+ and mate.} a4 (56... Ke7 $18 57. Rxc6 a4) 57. Rd6+ {[%emt 0:00:10] Weighted Error Value: White=0.15 (very precise) /Black=0.43} 1-0

[Event "Croatian Team Cup Final 2022"]
[Site "Vodice"]
[Date "2022.05.18"]
[Round "1.8"]
[White "Petricevic, Petar"]
[Black "Zelcic, Robert"]
[Result "0-1"]
[ECO "D02"]
[WhiteElo "1705"]
[BlackElo "2497"]
[Annotator "TA"]
[PlyCount "72"]
[EventDate "2022.05.18"]
[EventType "team-tourn"]
[EventCountry "CRO"]
[SourceTitle "playchess.com"]
[Source "ChessBase"]
[SourceQuality "1"]
[TimeControl "40/5400+30:1800+30"]

1. Nf3 d5 2. g3 c5 3. Bg2 Nc6 4. d4 Nf6 5. O-O e6 6. c3 Be7 7. Bg5 O-O {[%emt 0:03:45] [#] D02: 1 d4 d5 2 Nf3 sidelines, including 2...Nf6 3 g3 and 2...Nf6 3 Bf4.} 8. a4 $146 ({Predecessor:} 8. e3 b6 9. Nbd2 h6 10. Bxf6 Bxf6 11. Re1 Bb7 12. Qb3 Qc7 13. Rad1 Rfd8 14. a3 Rac8 15. Qa2 {½-½ (58) Azaladze,S (2439)-Le,Q (2709) Chess.com INT 2020}) 8... Qb6 9. Bc1 Bd7 {[%emt 0:01:02] Black is slightly better.} 10. dxc5 Bxc5 11. b4 Be7 12. a5 Qc7 13. Bb2 Rfd8 {[%emt 0:00:41] Black is more active.} 14. Qb3 e5 15. Na3 Be6 (15... e4 $15 16. Nd2 Be6) 16. Nc2 (16. Ng5 $1 $11 {remains equal.}) 16... h6 17. Rfd1 a6 18. e3 {[%emt 0:02:18] White is now going downhill.} ({Better is} 18. Qa4) 18... Rac8 $17 19. Qa4 Bg4 20. Rdc1 e4 21. Nfd4 Ne5 22. Ne1 (22. b5 $17) 22... Nh7 $19 23. f3 (23. Rcb1 $142) 23... exf3 24. Ndxf3 (24. Nexf3 $142 Nc4 25. Qc2) 24... Nc4 25. Ba3 Nxe3 26. b5 Bxa3 27. Rxa3 Qc5 28. Nd4 axb5 29. Qb3 Nxg2 30. Nxg2 b4 31. Ra4 {[%emt 0:02:38] [#]} bxc3 (31... Qxd4+ $142 $3 32. cxd4 Rxc1+ 33. Kf2 Ng5) 32. Ne3 Nf6 {[%emt 0:02:25] Strongly threatening ...Bd7.} 33. Kg2 (33. Qb4 $142) 33... Qe7 {[%emt 0:01:37] Black is clearly winning.} 34. Rxc3 Qe4+ 35. Kf2 Rxc3 36. Qxc3 Qh1 {[%emt 0:00:07] Weighted Error Value: White=0.85/Black=0.50} 0-1

[Event "Croatian Team Cup Final 2022"]
[Site "Vodice"]
[Date "2022.05.18"]
[Round "1.9"]
[White "Nemec, Vjekoslav"]
[Black "Livaic, Leon"]
[Result "0-1"]
[ECO "B62"]
[WhiteElo "2247"]
[BlackElo "2562"]
[Annotator "TA"]
[PlyCount "256"]
[EventDate "2022.05.18"]
[EventType "team-tourn"]
[EventCountry "CRO"]
[SourceTitle "playchess.com"]
[Source "ChessBase"]
[SourceQuality "1"]
[TimeControl "40/5400+30:1800+30"]

1. e4 c5 2. Nf3 Nc6 3. d4 cxd4 4. Nxd4 Nf6 5. Nc3 d6 6. Bg5 e6 7. Qd3 Bd7 8. O-O-O a6 9. f4 Be7 10. Nf3 Qa5 11. Kb1 h6 12. Bxf6 gxf6 13. Nd2 b5 14. Qe3 Qc7 15. Bd3 h5 16. Rhe1 Qa7 17. Qf3 Rc8 18. Nb3 (18. Ne2 $14) 18... b4 19. Ne2 Qb6 20. Nd2 a5 21. Nc4 Qc5 22. f5 (22. b3 $14) 22... a4 23. Nf4 Nd4 (23... a3 $5 24. fxe6 (24. Nxh5 $2 Ne5 $19) 24... fxe6 $11) 24. Qe3 b3 (24... e5 $11 25. Nd5 Bc6) 25. cxb3 (25. c3 {looks sharper.} bxa2+ 26. Kxa2 Nb5 27. Nb6) 25... axb3 26. axb3 Nxb3 27. Qxc5 ({White should try} 27. Bc2 $1 $16 Nd4 28. Rxd4) 27... Nxc5 $11 28. Nb6 (28. Bc2 $5 ) 28... Rb8 29. Nxd7 Kxd7 30. Bc4 Rhc8 31. fxe6+ fxe6 32. Rd2 h4 33. e5 d5 (33... fxe5 $15 34. Rxe5 Rxb2+ $1 35. Kxb2 Bf6) 34. Bxd5 (34. exf6 $1 $11 {remains equal.} Bd6 35. Nxd5 $1 exd5 36. Bxd5 (36. Rxd5 Rb4 $17)) 34... exd5 $17 35. Nxd5 fxe5 (35... f5 $1 $17 {Hoping for ...Ke6.} 36. Nb6+ Ke6 37. Nxc8 Rxc8) 36. Rxe5 Bd6 37. Ne7 $2 (37. Re1 $17 {is a better chance.}) 37... Nb3 $1 $19 38. Rd1 Rc1+ $1 39. Rxc1 Bxe5 $2 (39... Nxc1 $19 {has better winning chances.} 40. Rd5 Kxe7 41. Kxc1 Bxh2) 40. Re1 $17 Nd2+ (40... Bxh2 $2 41. Nf5) (40... Bf4 $142 41. Ng6 Rc8 $1 42. Re7+ (42. Nxf4 $2 Nd2+ 43. Ka2 Ra8#) 42... Kd6) 41. Kc2 $17 Rxb2+ 42. Kd3 Bxh2 43. Nf5 Nb3 44. Nxh4 Nc5+ 45. Kc4 Rc2+ 46. Kd5 Bg3 47. Rh1 Ne6 48. Nf3 Rc5+ (48... Rxg2 $6 49. Rh7+ Ke8 50. Kxe6 Re2+ 51. Kf5 $11) 49. Ke4 Ra5 50. Rd1+ Ke7 51. Nd4 Ng5+ 52. Kd3 Ra3+ 53. Ke2 Kf6 54. Rd3 Ra2+ 55. Rd2 Ra8 56. Rd3 Bf4 57. g3 Ra2+ 58. Kf1 Bc7 59. Ne2 Kf5 60. Nc3 Rb2 61. Ne2 Be5 62. Ra3 Ne4 63. Rf3+ Kg4 64. Re3 Nd2+ ({Of course not} 64... Bxg3 $6 65. Rxe4+ Kh3 66. Ng1+ Kh2 67. Re2+ Rxe2 68. Nxe2 $11) ({Weaker is} 64... Nxg3+ 65. Ke1 $15 (65. Nxg3 Bxg3 66. Re2 Rb1+ 67. Kg2 Bf4 $15)) 65. Kg2 Bb8 66. Re8 Kg5 67. Kh3 Nf3 68. Rg8+ Kh6 69. Nf4 Kh7 70. Rc8 Rb3 71. Kg4 Nh2+ 72. Kf5 Nf1 73. Nh5 Rb5+ 74. Kg4 Be5 75. Nf4 Rb3 76. Kf5 Bg7 77. Nh5 Rb5+ 78. Kg4 Nh2+ 79. Kh4 Be5 80. Kh3 Nf1 81. Rf8 Ne3 82. Rf3 Bd4 83. Nf4 Rb1 84. Rf2 Rb6 85. Ng2 Rh6+ 86. Nh4 Kg8 87. Rf4 Bb6 88. Re4 Kf7 89. Rb4 Rc6 90. Nf3 Bc7 91. Re4 Rh6+ (91... Nc4 $5 92. Nd4 Rb6 $11) 92. Rh4 Rc6 (92... Rf6 $5 93. Rh7+ Kg6 94. Rxc7 Rxf3 $11) 93. Re4 $1 Rc3 ({Don't blunder} 93... Rh6+ $2 94. Rh4 Rc6 95. Rh7+ Ke8 96. Rh8+ Ke7 97. Rh7+ Kd8 98. Rh8+ Ke7 99. Rh7+ Ke8 100. Rh8+ Ke7 $19) (93... Nc4 $5 94. Nd4 Rg6 $11) 94. Ne5+ Kg7 95. Ng4 (95. Nd3 $15) 95... Nf5 $17 96. Kg2 Rxg3+ 97. Kf2 Ra3 98. Rc4 Bd6 99. Ke2 Kf7 100. Kd2 Ke6 101. Re4+ Kd5 102. Nf6+ Kc6 103. Ng4 Bc5 104. Re5 $2 {[%emt 0:01:04][%mdl 8192] [#]} (104. Re6+ $17 Kd7 105. Re5) 104... Nd4 $1 105. Re8 Bb4+ 106. Kc1 Bc3 107. Rb8 Ra1+ 108. Rb1 Ra8 109. Ne3 Rh8 110. Nd1 Rh1 111. Rb8 Kd5 (111... Ba5 $142 112. Rg8 Kb5 113. Rg7 Bb4 114. Rc7 Bd6 115. Rb7+ Kc5 116. Kd2 Bf4+ 117. Ne3 Nf5 118. Rc7+ Kd6 119. Rf7 Bxe3+ 120. Ke2 Rh2+ 121. Kd3 Nh6 122. Rh7 Rh3 123. Rh8 Kd5 124. Rd8+ Kc6 125. Rh8 Rg3 126. Rc8+ Kd7 127. Rc3 Nf5 128. Kc4 Rg4+ 129. Kd3 Ke6 130. Rc8 Rg3 131. Re8+ Kd7 132. Ra8 Kc6 133. Ke2 Kd5 134. Rd8+ Nd6 135. Rb8 Bc5 136. Rf8 Ne4 137. Rh8 Nc3+ 138. Ke1 Kc4 139. Rc8 Rg1+ 140. Kd2 Rg2+ 141. Ke1 Ne4 142. Kf1 Rf2+ 143. Kg1 Re2+ 144. Rxc5+ Nxc5 145. Kh1 Kd3 146. Kg1 Ke4 147. Kh1 Kf3 148. Kg1 Re1+ 149. Kh2 Ne4 150. Kh3 Rh1#) 112. Rc8 Bb4 113. Re8 Kc4 114. Re3 Ba5 (114... Bf8 $142 115. Rc3+ Kd5 116. Rd3 Bb4 117. Re3 Kc4 118. Re4 Ba3+ 119. Kd2 Rh2+ 120. Ke1 Bb4+ 121. Kf1 Rh1+ 122. Kg2 Rxd1 123. Rf4 Bd6 124. Rf7 Rd2+ 125. Rf2 Rd3 126. Rf1 Rg3+ 127. Kf2 Rf3+ 128. Kg2 Rg3+ 129. Kf2 Rh3 130. Rg1 Rd3 131. Rc1+ Kd5 132. Kg2 Ke4 133. Rf1 Rg3+ 134. Kf2 Rf3+ 135. Kg2 Rg3+ 136. Kf2 Rf3+ 137. Kg2 Rg3+) 115. Ra3 $19 Nb3+ 116. Kc2 Nd4+ 117. Kc1 $1 Bb4 118. Re3 $1 Rf1 119. Rh3 Rg1 120. Re3 Bd6 121. Rc3+ Kd5 122. Rd3 Kc4 123. Rc3+ Kb4 124. Rd3 Bf4+ 125. Kb2 Rg2+ 126. Kb1 Nb5 127. Rd5 Bh6 128. Rd3 Na3+ 0-1